Cogmind - Beta 11.1 @@@ ROGUE MODE // 2022.09.25 @ 14:34:09 Player: ktur Result: Destroyed by L-41 Fighter with Axe Performance ------------- Evolutions (4) 2000 Regions Visited (16) 3200 Robots Destroyed (246) 1230 Value Destroyed (10199) 10199 Prototype IDs (49) 980 Alien Tech Used (0) 0 Bonus (8064) 8064 TOTAL SCORE: 25673 Bonus ------- Triggered High Security 500 High Alert Combat Kills 3126 Follower Combat Kills 3322 Network Hubs Disabled 200 Met Imprinter 300 Destroyed Z-Imprinter 1000 Triggered Deep Caves Wall 500 Exposed GOLEM Chamber 500 Met Zhirov 300 Built Enhanced Grunts 300 A7 Reached Mainframe 300 Met R17 at Cetus 500 Read Decrypted Archives 300 Friendly Fire -3084 Cogmind --------- Core Integrity 0/850 Matter 35/300 Energy 1100/1100 System Corruption 62% Temperature Hot (238) Movement Walking (270) Ox4 Location -6/Hub_04(d) Parts ------- > --- POWER (2) -------- Assembled Flux Generator > --- PROPULSION (4) --- Assembled Alloy Leg > --- UTILITY (7) ------ Huge Storage Unit Assembled Biocell Array Experimental Targeting Computer > --- WEAPON (2) ------- (None) > --- INVENTORY (25) --- Enhanced Biometal Leg Advanced Energy Well (500) Zionite Biocell (600) Zionite Biocell (263) Matter Compressor (0) Active Sensor Suite Surveybot 24 Scanner Experimental Terrain Scan Processor Experimental Phase Shifter Centrium Medium Armor Plating Experimental EM Disruption Field Makeshift Hacking Suite Improved Hacking Suite Experimental System Shield Authchip [Armor] GOLEM Unit EMDS Rocket Array Long-range Missile Launcher Peak State ------------ > --- POWER ------------ Assembled Flux Generator > --- PROPULSION ------- Centrium Heavy Treads Centrium Heavy Treads > --- UTILITY ---------- Huge Storage Unit Assembled Biocell Array Experimental Targeting Computer Improved Armor Integrity Analyzer Centrium Medium Armor Plating GOLEM Unit > --- WEAPON ----------- Assembled Focal Cannon Assembled Focal Cannon > --- INVENTORY -------- Advanced Energy Well Zionite Biocell Zionite Biocell Matter Compressor Active Sensor Suite Surveybot 24 Scanner Experimental Terrain Scan Processor Surveybot 24 Chip Experimental Melee Analysis Suite Centrium Medium Armor Plating Centrium Medium Armor Plating Makeshift Hacking Suite Improved Hacking Suite Experimental System Shield Authchip [Armor] GOLEM Unit Advanced KE Penetrator Advanced KE Penetrator Bore Cannon Rocket Array Rocket Array Long-range Missile Launcher [Rating: 136] Favorites ----------- Power Ion Engine Engine Ion Engine Power Core Light Nuclear Core Reactor Zionite Light DM Reactor Propulsion Carbon-fiber Leg Treads Light Treads Leg Carbon-fiber Leg Flight Unit Improved VTOL Module Utility Huge Storage Unit Device GOLEM Unit Storage Huge Storage Unit Processor Advanced Targeting Computer Hackware System Shield Protection Layered Medium Armor Plating Weapon Assembled Focal Cannon Energy Gun Medium Laser Energy Cannon Assembled Focal Cannon Ballistic Gun Gauss Rifle Ballistic Cannon Bore Cannon Launcher Rocket Array Impact Weapon Great Maul Piercing Weapon Spear Special Melee Weapon Datajack Build | -11 -10 -10 -10 -9 -8 -7 -7 -7 -7 -7 -6 -6 -6 -6 -6 -6 ------- Run | Scr Mat Min Exi Min Mat Fac Low Low Zio Dee Pro Fac Ext Cet Arc Hub Slots Evolved 8 | . . . . . 4 2 . . . . . 2 . . . . Power 1 | . . . . . . . . . . . . 1 . . . . Propulsion 2 | . . . . . 2 . . . . . . . . . . . Utility 5 | . . . . . 2 2 . . . . . 1 . . . . Weapon . | . . . . . . . . . . . . . . . . . Parts Attached 203 | 6 17 3 3 6 34 44 2 12 9 28 5 5 1 4 . 24 Power 11 | 1 . . 1 1 1 2 . . . 4 1 . . . . . Engine 5 | 1 . . 1 1 . 2 . . . . . . . . . . Core 2 | . . . . . 1 . . . . 1 . . . . . . Reactor 4 | . . . . . . . . . . 3 1 . . . . . Propulsion 48 | 2 1 1 . 1 11 19 . 2 . 3 . 2 . 2 . 4 Treads 12 | 2 1 1 . 1 5 . . . . . . . . 2 . . Leg 35 | . . . . . 5 19 . 2 . 3 . 2 . . . 4 Wheel . | . . . . . . . . . . . . . . . . . Hover . | . . . . . . . . . . . . . . . . . Flight 1 | . . . . . 1 . . . . . . . . . . . Utility 63 | 1 2 . . 2 11 10 2 5 4 14 2 3 1 1 . 5 Device 20 | . 1 . . 1 4 2 . 4 2 2 1 2 . . . 1 Storage 16 | 1 1 . . . 2 5 1 . . 4 1 . . . . 1 Processor 5 | . . . . . 2 . 1 . 2 . . . . . . . Hackware 3 | . . . . . . 3 . . . . . . . . . . Protection 19 | . . . . 1 3 . . 1 . 8 . 1 1 1 . 3 Artifact . | . . . . . . . . . . . . . . . . . Weapon 81 | 2 14 2 2 2 11 13 . 5 5 7 2 . . 1 . 15 Energy Gun 6 | 1 1 . . . 1 1 . . . 1 . . . . . 1 Energy Cannon 16 | . 7 2 1 . . . . . . 2 . . . . . 4 Ballistic Gun 35 | 1 5 . . 2 7 10 . 3 3 1 . . . . . 3 Ballistic Cannon 1 | . . . . . . . . . . . . . . . . 1 Launcher 15 | . . . . . 3 . . 2 . 2 2 . . 1 . 5 Special Weapon . | . . . . . . . . . . . . . . . . . Impact Weapon 4 | . . . . . . 2 . . 1 1 . . . . . . Slashing Weapon . | . . . . . . . . . . . . . . . . . Piercing Weapon 1 | . . . . . . . . . . . . . . . . 1 Special Melee Weapon 3 | . 1 . 1 . . . . . 1 . . . . . . . Unidentified Prototypes 20 | . . . . . 2 1 . . . 9 1 . . 2 . 5 Corrupted Parts 8 | . . . . . 1 . . . . . . . . 1 . 6 System Corruption 52 | . . . . . 6 . . . . . . . . 6 . 40 Parts Lost 31 | . . . . 1 11 2 . 1 . 2 1 . . . . 13 Power 3 | . . . . . . . . . . 1 1 . . . . 1 Propulsion 12 | . . . . . 7 . . 1 . . . . . . . 4 Utility 9 | . . . . . 3 2 . . . 1 . . . . . 3 Weapon 7 | . . . . 1 1 . . . . . . . . . . 5 Highest Loss Streak 5 | . . . . 1 4 1 . 1 . 1 1 . . . . 5 To Critical Strikes 1 | . . . . . 1 . . . . . . . . . . . Average Slot Usage (%) 93 | . 98 100 100 97 90 98 100 99 100 92 91 85 86 75 73 72 Engine 5 | . 14 14 14 14 6 5 7 7 7 . . . . . . . Reactor 2 | . . . . . . . . . . 6 7 6 6 6 6 6 Treads 9 | . 28 28 28 28 23 . . . . . . . . 10 13 8 Leg 18 | . . . . . 9 29 30 29 30 29 29 26 26 4 . 7 Device 8 | . 12 14 14 6 7 5 . 10 7 3 7 12 6 6 6 6 Storage 11 | . 14 14 14 14 9 7 7 7 7 8 15 13 13 13 13 13 Processor 12 | . . . . . 9 15 23 23 23 21 15 13 13 13 13 11 Hackware 1 | . . . . . . 14 15 . . . . . . . . . Protection 2 | . . . . 7 5 . . 3 7 4 . . 6 6 6 6 Energy Gun 1 | . 11 . . . . . . . . 1 . . . . . . Energy Cannon 8 | . 5 20 15 19 . . . . . 6 14 13 13 12 13 5 Ballistic Gun 7 | . 10 7 . 6 17 13 15 15 13 4 . . . . . 1 Naked Turns . | . . . . . . . . . . . . . . . . . Heaviest Build 160 | 14 91 92 92 98 106 94 57 69 69 127 122 159 160 160 159 159 Greatest Support 160 | 40 40 40 40 48 90 60 60 60 60 108 108 108 90 160 160 160 Greatest Overweight (x) 42 | 2 2 2 2 2 4 2 . 1 1 2 1 1 1 1 . 42 Average Overweight (x) . | . 1 2 2 2 1 . . . 1 . . 1 1 . . . Largest Inventory Capacity 25 | 8 25 25 25 25 25 25 20 20 20 25 25 25 25 25 25 25 Average Capacity 22 | 7 19 25 25 25 24 18 20 20 20 21 25 25 25 25 25 25 Most Carried 25 | 7 20 25 25 25 25 24 20 20 20 25 25 25 25 25 25 25 Average Carried 21 | 3 12 23 24 24 24 17 19 19 19 19 24 24 25 24 25 24 Final Capacity 25 | 8 25 25 25 25 25 20 20 20 20 25 25 25 25 25 25 25 Final Carried 25 | 6 20 25 25 25 25 20 19 19 20 25 25 25 25 25 25 23 Class Distribution -------------------- 36% | Scavenger-Mutant 30% | Mutant 21% | Golem 7% | Commander-Golem 4% | Scavenger-Golem Dominant Class ---------------- Mutant | -10/Materials Mutant | -10/Mines Mutant | -10/Exiles Mutant | -9/Mines Mutant | -8/Materials Scavenger-Mutant | -7/Factory Scavenger-Mutant | -7/Lower Caves Scavenger-Mutant | -7/Lower Caves Scavenger-Mutant | -7/Zion Scavenger-Mutant | -7/Deep Caves Golem | -6/Proximity Caves Golem | -6/Factory Commander-Golem | -6/Extension Commander-Golem | -6/Cetus Commander-Golem | -6/Archives Golem | -6/Hub_04(d) Resources | -11 -10 -10 -10 -9 -8 -7 -7 -7 -7 -7 -6 -6 -6 -6 -6 -6 ----------- Run | Scr Mat Min Exi Min Mat Fac Low Low Zio Dee Pro Fac Ext Cet Arc Hub Matter Collected 5142 | 260 504 28 . 131 780 783 71 438 85 756 70 300 56 99 . 781 Remotely . | . . . . . . . . . . . . . . . . . Salvage Created 11313 | . 1105 154 . 309 1089 906 . 309 . 1766 1322 907 873 178 . 2395 Parts 526 | . 74 12 . 25 70 54 . 19 . 38 52 37 40 9 . 96 Haulers Intercepted 6 | . 2 . . . 3 . . . . . . 1 . . . . Recyclers Shooed 3 | . 1 . . . 2 . . . . . . . . . . . Parts Field Recycled . | . . . . . . . . . . . . . . . . . Retrieved Matter . | . . . . . . . . . . . . . . . . . Parts Self-Destructed 70 | . . . . . . . . 16 3 . 51 . . . . . Prevented 2 | . . . . . . . 2 . . . . . . . . . Kills | -11 -10 -10 -10 -9 -8 -7 -7 -7 -7 -7 -6 -6 -6 -6 -6 -6 ------- Run | Scr Mat Min Exi Min Mat Fac Low Low Zio Dee Pro Fac Ext Cet Arc Hub Combat Hostiles Destroyed 254 | . 21 4 . 9 25 18 . 7 . 50 25 17 14 7 . 57 Guns 55 | . 6 . . 2 19 18 . 3 . 2 . . . . . 5 Cannons 97 | . 15 4 . 7 . . . . . 1 20 17 14 1 . 18 AOE 87 | . . . . . 6 . . 4 . 38 5 . . 6 . 28 Classes Destroyed 25 | . 9 . . 1 2 2 . 1 . 4 3 . . . . 3 Worker 7 | . 1 . . . 2 2 . . . . . 1 . . . 1 Builder 4 | . 1 1 . . 1 1 . . . . . . . . . . Tunneler 3 | . 1 . . 2 . . . . . . . . . . . . Hauler 6 | . 2 . . . 3 . . . . . . 1 . . . . Recycler 5 | . 2 . . . . 2 . . . . . . 1 . . . Minesweeper 1 | . . . . . . . . 1 . . . . . . . . Mechanic 2 | . . . . . . . . . . . . . . . . 2 Operator 4 | . 3 . . . 1 . . . . . . . . . . . Watcher 4 | . 3 . . . . . . . . . . . . 1 . . Swarmer 38 | . 6 3 . 4 2 4 . 3 . . 1 6 3 6 . . Saboteur 2 | . . . . . . . . . . . . . . . . 2 Grunt 109 | . 15 2 . 4 21 8 . 3 . . 11 8 7 . . 30 Brawler 5 | . . . . 1 . . . . . . 2 . . . . 2 Duelist 5 | . . . . . . 1 . 1 . . . . . . . 3 Protector 8 | . . . . . . . . . . . 3 . . . . 5 Sentry 16 | . . . . . 1 1 . . . . 3 1 4 . . 6 Demolisher 4 | . . . . . . . . . . . 4 . . . . . Specialist 1 | . . . . . . . . . . . . . . . . 1 Hunter 4 | . . . . . 1 1 . . . . . 1 . . . 1 Programmer 8 | . . . . . . 3 . . . . . 1 . . . 4 Behemoth 1 | . . . . . . . . . . . 1 . . . . . Cetus Guard 1 | . . . . . . . . . . . . . . 1 . . Enhanced Grunt 2 | . . . . . . . . . . 2 . . . . . . Lightning 3 | . . . . . . . . . . . . . . . . 3 Z-Technician 5 | . . . . . . . . . . 5 . . . . . . Z-Light 2 | . . . . . . . . . . 2 . . . . . . Assembler 2 | . . . . . . . . . . 2 . . . . . . Assembled 38 | . . . . . . . . . . 38 . . . . . . Golem 10 | . . . . . . . . . . 10 . . . . . . Thug 1 | . . . . . . . . . . 1 . . . . . . Best Kill Streak 40 | . 4 3 . 4 8 7 . 4 . 40 5 4 2 6 . 21 Combat Bots Only 38 | . 3 3 . 4 6 6 . 4 . 38 5 3 2 6 . 20 Max Kills in Single Turn 25 | . 1 1 . 1 2 3 . 2 . 25 5 1 1 4 . 5 Gunslinging 1 | . . . . . 1 1 . . . . . . . . . . Exploded 25 | . . . . . 2 . . 2 . 25 5 . . 4 . 5 Melee . | . . . . . . . . . . . . . . . . . Uniques/NPCs Destroyed 2 | . . . . . . . . . . 1 . . . 1 . . Z-Imprinter (-7/Deep Caves) A7 (-6/Cetus) Combat | -11 -10 -10 -10 -9 -8 -7 -7 -7 -7 -7 -6 -6 -6 -6 -6 -6 -------- Run | Scr Mat Min Exi Min Mat Fac Low Low Zio Dee Pro Fac Ext Cet Arc Hub Damage Taken 13966 | . 624 117 . 572 1597 1202 74 404 . 956 1446 635 411 452 . 5476 Core 1711 | . 114 7 . 95 170 188 30 14 . 57 152 62 32 67 . 723 Absorbed by Shields 880 | . . . . . 240 . . . . . . 426 141 73 . . Reduced by Siege Mode 142 | . . . . . . . . . . . . . . . . 142 Regen/Repaired (Parts) 615 | . . . . . 85 530 . . . . . . . . . . Core Remaining (%) 54 | 100 . . . 13 69 . . . . . 37 . . . . . Volleys Fired 672 | . 116 9 . 26 82 53 6 20 . 84 64 46 44 21 . 101 Largest 2 | . 2 2 . 2 2 2 2 2 . 2 2 2 2 2 . 2 Hottest 120 | . 80 120 . 120 56 56 56 56 . 108 50 50 50 50 . 92 Shots Fired 1134 | . 142 17 . 53 155 105 12 36 . 154 127 75 86 37 . 135 Gun 547 | . 96 . . 16 148 105 12 33 . 100 . . . . . 37 Cannon 548 | . 46 17 . 37 . . . . . 45 126 75 86 34 . 82 Launcher 39 | . . . . . 7 . . 3 . 9 1 . . 3 . 16 Special . | . . . . . . . . . . . . . . . . . Kinetic 525 | . 83 . . 16 148 105 12 33 . 74 . . . . . 54 Thermal 498 | . 59 17 . 37 . . . . . 19 126 75 86 34 . 45 Explosive 39 | . . . . . 7 . . 3 . 9 1 . . 3 . 16 Electromagnetic 72 | . . . . . . . . . . 52 . . . . . 20 Robot Hit Streak 23 | . 14 3 . 8 17 18 7 13 . 19 20 23 15 19 . 15 Robot Miss Streak 6 | . 6 3 . 4 2 4 2 3 . 4 1 3 2 2 . 3 Penetration Max 1 | . . . . . 1 1 . 1 . 1 . . . . . 1 Secondary Targets 8 | . . . . . 5 3 . . . . . . . . . . Max Gunslinging Chain 1 | . . . . . 1 1 . . . . . . . . . . Shots Hit Robots 802 | . 99 9 4 29 118 79 9 23 1 105 95 53 58 30 . 90 Core Hits 696 | . 43 4 . 13 72 55 2 23 . 175 50 21 26 18 . 194 Critical Kills 11 | . . . . . . 1 . . . . . . . . . 10 Critical Parts Destroyed 17 | . 1 . . . 2 1 . 2 . 2 . . . . . 9 Critical Strikes 37 | . 3 . . . 2 3 . 2 . 3 . . . . . 24 Burn 3 | . 2 . . . . . . . . . . . . . . 1 Destroy 28 | . 1 . . . 2 3 . 2 . 1 . . . . . 19 Corrupt 5 | . . . . . . . . . . 1 . . . . . 4 Smash 1 | . . . . . . . . . . 1 . . . . . . Melee Attacks 38 | . 2 . 4 . . 7 . . 19 5 . . . . . 1 Impact 30 | . . . . . . 7 . . 18 5 . . . . . . Slashing . | . . . . . . . . . . . . . . . . . Piercing 1 | . . . . . . . . . . . . . . . . 1 Sneak Attacks 7 | . 2 . 4 . . . . . 1 . . . . . . . Combat Hostiles . | . . . . . . . . . . . . . . . . . Follow-up Attacks . | . . . . . . . . . . . . . . . . . Damage Inflicted 34292 | . 1608 205 . 529 2642 1987 198 838 . 5775 4688 2604 3193 1859 . 8166 Guns 7015 | . 874 . . 119 1709 1679 198 511 . 1210 . . . . . 715 Cannons 16383 | . 697 182 . 410 . . . . . 1269 4268 2604 2965 1343 . 2645 Explosions 10538 | . . . . . 871 308 . 327 . 3174 420 . 150 516 . 4772 Melee 139 | . . . . . . . . . . 122 . . . . . 17 Ramming 217 | . 37 23 . . 62 . . . . . . . 78 . . 17 Kinetic 6861 | . 752 . . 119 1709 1679 198 511 . 765 . . . . . 1128 Thermal 14786 | . 819 182 . 410 . . . . . 803 4268 2604 3115 1343 . 1242 Explosive 9987 | . . . . . 871 308 . 327 . 3125 420 . . 516 . 4420 Electromagnetic 2302 | . . . . . . . . . . 960 . . . . . 1342 Impact 122 | . . . . . . . . . . 122 . . . . . . Slashing . | . . . . . . . . . . . . . . . . . Piercing 17 | . . . . . . . . . . . . . . . . 17 Highest Corruption 62 | . . . . 1 6 1 1 1 1 . . 1 1 7 7 62 Average Corruption 3 | . . . . 1 6 1 1 1 1 . . 1 1 5 7 25 Corruption Purged . | . . . . . . . . . . . . . . . . . Corruption Blocked 8 | . . . . . . 8 . . . . . . . . . . Effects 121 | . . . . 4 24 9 . 13 1 . . 5 12 12 2 39 Message Errors 27 | . . . . 2 8 1 . 3 . . . 1 2 3 1 6 Matter Fused 28 | . . . . . 6 1 . 2 1 . . 1 5 2 1 9 Heat Flow Errors 10 | . . . . . 1 3 . 2 . . . 1 . . . 3 Energy Discharges 16 | . . . . . 1 1 . 1 . . . . 3 5 . 5 Parts Rejected 4 | . . . . . . 1 . . . . . . . . . 3 Data Loss (minor) 11 | . . . . . 3 1 . 4 . . . . . 1 . 2 Data Loss (major) 7 | . . . . 1 2 1 . . . . . 1 . 1 . 1 Misfires 3 | . . . . 1 1 . . . . . . . 1 . . . Alerts 2 | . . . . . 1 . . . . . . . 1 . . . Misdirections 3 | . . . . . . . . . . . . . . . . 3 Weapon Failures 10 | . . . . . 1 . . 1 . . . 1 . . . 7 Overload Shots . | . . . . . . . . . . . . . . . . . Overflow Damage 1012 | . 8 16 . . . 129 . . . 244 84 238 181 67 . 45 Projectiles 591 | . 8 16 . . . . . . . 77 84 238 130 . . 38 Explosions 304 | . . . . . . 129 . . . 68 . . 33 67 . 7 Melee 117 | . . . . . . . . . . 99 . . 18 . . . Knockbacks 13 | . . 1 . . . . . . . 1 . . 2 . . 9 Impact 5 | . . 1 . . . . . . . 1 . . 2 . . 1 Kinetic 7 | . . . . . . . . . . . . . . . . 7 Secondary 1 | . . . . . . . . . . . . . . . . 1 Self-Inflicted Damage 381 | . . . . . 54 . . . . 97 . . . . . 230 Shots 13 | . . . . . 3 . . . . 3 . . . . . 7 Rammed 14 | . 5 4 . . 5 . . . . . . . . . . . Targets Rammed 22 | . 6 5 . . 8 . . . . . . . 2 . . 1 Kicked 5 | . . . . . 2 . . . . . . . 2 . . 1 Crushed 3 | . 1 1 . . 1 . . . . . . . . . . . Highest Temperature 314 | . 186 72 . 264 82 204 . 169 . 314 123 222 1 . . 248 Average Temperature 61 | . 56 31 . 107 17 72 . 52 . 97 26 124 1 . . 67 Received Heat Transfer 3613 | . 228 . . 93 790 243 . 162 . 144 321 176 112 27 . 1317 Effects 1 | . . . . 1 . . . . . . . . . . . . Energy Bleed 1 | . . . . 1 . . . . . . . . . . . . Siege Activations 4 | . . . . . . . . . . . . . . . . 4 Total Turns 78 | . . . . . . . . . . . . . . . . 78 Longest Duration 42 | . . . . . . . . . . . . . . . . 42 Robots Corrupted 14 | . . . . . . . . . . 8 . . . . . 6 Combat Hostiles 14 | . . . . . . . . . . 8 . . . . . 6 Parts Fried 7 | . . . . . . . . . . . . . . . . 7 Impact Corruptions 6 | . . . . . . . . . . 4 . . 2 . . . Robots Melted . | . . . . . . . . . . . . . . . . . Combat Hostiles . | . . . . . . . . . . . . . . . . . Parts Melted 15 | . 4 3 . . . . . . . 2 3 1 1 . . 1 Heat Transferred 10009 | . 1887 370 . 851 . . . . . 475 1933 1400 1587 673 . 833 Parts Sabotaged 1 | . . . . . . . . . . . . . . . . 1 Parts Stolen . | . . . . . . . . . . . . . . . . . Parts Stripped . | . . . . . . . . . . . . . . . . . Power Chain Reactions 1 | . . . . . . . . . . 1 . . . . . . Missiles Intercepted . | . . . . . . . . . . . . . . . . . Alert | -11 -10 -10 -10 -9 -8 -7 -7 -7 -7 -7 -6 -6 -6 -6 -6 -6 ------- Run | Scr Mat Min Exi Min Mat Fac Low Low Zio Dee Pro Fac Ext Cet Arc Hub Peak Influence 2464 | . 309 92 . 90 322 743 . . . . . 462 1350 1279 776 2464 Initial 756 | . . 69 . . 35 33 . . . . . 54 152 756 511 271 Average 279 | . 186 29 . 39 98 229 . . . . . 267 529 987 624 1459 Maximum Alert Level 5 | . 1 . . . 1 3 . . . . . 2 4 4 3 5 Low Security (%) 62 | 100 70 100 . 100 95 51 . . . . . 27 12 . . . Level 1 17 | . 29 . . . 4 31 . . . . . 50 18 . . 12 Level 2 9 | . . . . . . 10 . . . . . 21 50 4 62 3 Level 3 5 | . . . . . . 7 . . . . . . 15 63 37 10 Level 4 2 | . . . . . . . . . . . . . 3 31 . 31 Level 5 . | . . . . . . . . . . . . . . . . . High Security 2 | . . . . . . . . . . . . . . . . 42 Max Security . | . . . . . . . . . . . . . . . . . Squads Dispatched 46 | . 6 . . . 6 7 . . . . . 5 6 . . 16 Investigation 15 | . 3 . . . 3 2 . . . . . 3 2 . . 2 Extermination 5 | . . . . . . 4 . . . . . 1 . . . . Reinforcement 14 | . 3 . . . 3 1 . . . . . 1 3 . . 3 Assault 12 | . . . . . . . . . . . . . 1 . . 11 Garrison . | . . . . . . . . . . . . . . . . . Intercept . | . . . . . . . . . . . . . . . . . Searches Triggered . | . . . . . . . . . . . . . . . . . Construction Impeded 3 | . . . . . 1 . . . . . . . 2 . . . Haulers Reinforced 1 | . . . . . . 1 . . . . . . . . . . Active Scanning Responses . | . . . . . . . . . . . . . . . . . Cargo Convoy Interrupts 1 | . . . . . . 1 . . . . . . . . . . Stealth | -11 -10 -10 -10 -9 -8 -7 -7 -7 -7 -7 -6 -6 -6 -6 -6 -6 --------- Run | Scr Mat Min Exi Min Mat Fac Low Low Zio Dee Pro Fac Ext Cet Arc Hub Distress Signals 43 | . . . . . 3 1 . . . . 34 . . 2 . 3 Communications Jammed . | . . . . . . . . . . . . . . . . . Distress Signals . | . . . . . . . . . . . . . . . . . Times Spotted 419 | . 46 5 . 17 37 25 1 8 . 61 29 22 48 18 7 95 Peak Tracking Total 37 | . 5 3 . 14 5 5 1 4 . 37 5 4 6 7 8 14 Tactical Retreats 9 | . 1 . . . . . . 2 . 1 1 2 1 . . 1 Traps | -11 -10 -10 -10 -9 -8 -7 -7 -7 -7 -7 -6 -6 -6 -6 -6 -6 ------- Run | Scr Mat Min Exi Min Mat Fac Low Low Zio Dee Pro Fac Ext Cet Arc Hub Traps Triggered 10 | . 1 . . 1 3 3 . . . . . . 1 . . 1 Indirectly 1 | . . . . . . . . . . . . . . . . 1 Trap Hack Attempts 37 | . 37 . . . . . . . . . . . . . . . Triggered . | . . . . . . . . . . . . . . . . . Disarmed . | . . . . . . . . . . . . . . . . . Reprogrammed 5 | . 5 . . . . . . . . . . . . . . . Reused 2 | . . . . . 2 . . . . . . . . . . . Traps Extracted . | . . . . . . . . . . . . . . . . . Installed 2 | . . . . . 2 . . . . . . . . . . . Triggered 5 | . . . . . 2 2 1 . . . . . . . . . Most Traps Carried 5 | . . 3 3 3 3 . . 5 4 4 4 4 4 4 4 4 Machines | -11 -10 -10 -10 -9 -8 -7 -7 -7 -7 -7 -6 -6 -6 -6 -6 -6 ---------- Run | Scr Mat Min Exi Min Mat Fac Low Low Zio Dee Pro Fac Ext Cet Arc Hub Machines Disabled 47 | . 3 . . . . 18 . . . 2 3 2 7 3 . 9 Max in Single Turn 12 | . 1 . . . . 12 . . . 1 1 1 2 2 . 2 Garrison Access 2 | . . . . . 1 . . . . . . . . . . 1 Network Hub 1 | . . . . . . . . . . . . . . . . 1 Energy Cycler 2 | . . . . . . . . . . . . . 2 . . . Machines Sabotaged . | . . . . . . . . . . . . . . . . . Garrisons Compromised 1 | . . . . . . 1 . . . . . . . . . . Overloaded Fab Kills . | . . . . . . . . . . . . . . . . . Hacking | -11 -10 -10 -10 -9 -8 -7 -7 -7 -7 -7 -6 -6 -6 -6 -6 -6 --------- Run | Scr Mat Min Exi Min Mat Fac Low Low Zio Dee Pro Fac Ext Cet Arc Hub Machines Accessed 42 | . 8 . 1 1 7 8 . . . . . 5 9 . 1 2 Terminals 25 | . 6 . . . 2 2 . . . . . 4 9 . . 2 Fabricators 5 | . . . . . . 4 . . . . . 1 . . . . Repair Stations 4 | . . . . . 2 2 . . . . . . . . . . Recycling Units 3 | . 2 . . . 1 . . . . . . . . . . . Scanalyzers 1 | . . . . . 1 . . . . . . . . . . . Garrison Access 1 | . . . . . 1 . . . . . . . . . . . Total Hacks 138 | . 18 . 1 1 22 33 . . . . . 11 20 . 25 7 Successful 89 | . 11 . 1 1 14 25 . . . . . 2 10 . 25 . Failed 49 | . 7 . . . 8 8 . . . . . 9 10 . . 7 Catastrophic 6 | . . . . . . . . . . . . 3 2 . . 1 Database Lockouts . | . . . . . . . . . . . . . . . . . Manual 36 | . 14 . . . 3 4 . . 1 . . 5 1 1 . 7 Terminals 64 | . 16 . . . 5 6 . . . . . 10 20 . . 7 Fabricators 8 | . . . . . . 7 . . . . . 1 . . . . Repair Stations 29 | . . . . . 9 20 . . . . . . . . . . Recycling Units 3 | . 2 . . . 1 . . . . . . . . . . . Scanalyzers 5 | . . . . . 5 . . . . . . . . . . . Garrison Access 2 | . . . . . 2 . . . . . . . . . . . Terminal Hacks 46 | . 5 . 1 1 1 2 . . . . . 1 10 . 25 . Record 26 | . . . 1 . . . . . . . . . . . 25 . Part Schematic 2 | . . . . . . . . . . . . . 2 . . . Robot Analysis 2 | . 2 . . . . . . . . . . . . . . . Prototype ID Bank 2 | . 1 . . . . . . . . . . . 1 . . . Open Door 4 | . . . . 1 . . . . . . . . 3 . . . Branch Access Points 2 | . . . . . . 1 . . . . . 1 . . . . Machine Index 1 | . . . . . . 1 . . . . . . . . . . Alert Level 1 | . . . . . . . . . . . . . 1 . . . Unreport Threat 2 | . . . . . 1 . . . . . . . 1 . . . Locate Traps 4 | . 2 . . . . . . . . . . . 2 . . . Fabricator Hacks 4 | . . . . . . 4 . . . . . . . . . . Network Status 1 | . . . . . . 1 . . . . . . . . . . Load Schematic 2 | . . . . . . 2 . . . . . . . . . . Build 1 | . . . . . . 1 . . . . . . . . . . Repair Station Hacks 23 | . . . . . 6 17 . . . . . . . . . . Scan Component 13 | . . . . . 4 9 . . . . . . . . . . Repair 10 | . . . . . 2 8 . . . . . . . . . . Recycling Unit Hacks . | . . . . . . . . . . . . . . . . . Scanalyzer 4 | . . . . . 4 . . . . . . . . . . . Insert Component 2 | . . . . . 2 . . . . . . . . . . . Analyze 2 | . . . . . 2 . . . . . . . . . . . Garrison Access Hacks 1 | . . . . . 1 . . . . . . . . . . . Seal Access 1 | . . . . . 1 . . . . . . . . . . . Unauthorized Hacks 11 | . 6 . . . 2 2 . . . . . 1 . . . . Terminals 7 | . 4 . . . 2 . . . . . . 1 . . . . Botnet 5 | . 2 . . . 2 . . . . . . 1 . . . . Operators 2 | . 2 . . . . . . . . . . . . . . . Fabricators 2 | . . . . . . 2 . . . . . . . . . . Recompile 2 | . . . . . . 2 . . . . . . . . . . Repair Stations . | . . . . . . . . . . . . . . . . . Recycling Units 2 | . 2 . . . . . . . . . . . . . . . Tunnel 2 | . 2 . . . . . . . . . . . . . . . Scanalyzers . | . . . . . . . . . . . . . . . . . Garrison Access . | . . . . . . . . . . . . . . . . . Data Cores Recovered . | . . . . . . . . . . . . . . . . . Used . | . . . . . . . . . . . . . . . . . Hacking Detections 32 | . 6 . . . 7 4 . . . . . 5 7 1 . 2 Full Trace Events 7 | . . . . . 1 . . . . . . 3 2 . . 1 Feedback Events 2 | . . . . . . . . . . . . 1 . . . 1 Corruption 2 | . . . . . . . . . . . . 1 . . . 1 Feedback Blocked . | . . . . . . . . . . . . . . . . . Robot Schematics Acquired . | . . . . . . . . . . . . . . . . . Robots Built 2 | . . . . . . 2 . . . . . . . . . . Authchips . | . . . . . . . . . . . . . . . . . Time 116 | . . . . . . 116 . . . . . . . . . . Total Robot Build Rating 6 | . . . . . . 6 . . . . . . . . . . Part Schematics Acquired 4 | . . . . . 2 . . . . . . . 2 . . . Parts Built . | . . . . . . . . . . . . . . . . . Authchips . | . . . . . . . . . . . . . . . . . Time . | . . . . . . . . . . . . . . . . . Total Part Build Rating . | . . . . . . . . . . . . . . . . . Parts Repaired 10 | . . . . . 2 8 . . . . . . . . . . Time 343 | . . . . . 87 256 . . . . . . . . . . Parts Recycled . | . . . . . . . . . . . . . . . . . Recycled Matter . | . . . . . . . . . . . . . . . . . Retrieved Matter . | . . . . . . . . . . . . . . . . . Retrieved Components . | . . . . . . . . . . . . . . . . . Parts Scanalyzed 2 | . . . . . 2 . . . . . . . . . . . Part Schematics Acquired 2 | . . . . . 2 . . . . . . . . . . . Parts Damaged . | . . . . . . . . . . . . . . . . . Bothacking | -11 -10 -10 -10 -9 -8 -7 -7 -7 -7 -7 -6 -6 -6 -6 -6 -6 ------------ Run | Scr Mat Min Exi Min Mat Fac Low Low Zio Dee Pro Fac Ext Cet Arc Hub Used RIF Installer . | . . . . . . . . . . . . . . . . . Robots Hacked 6 | . 1 . 4 . . . . . 1 . . . . . . . Non-combat 4 | . 1 . 3 . . . . . . . . . . . . . Combat 2 | . . . 1 . . . . . 1 . . . . . . . Robot Hacks Applied 6 | . 1 . 4 . . . . . 1 . . . . . . . parse_system 6 | . 1 . 4 . . . . . 1 . . . . . . . Relay Couplers Released 2 | . . . . . . . . . . . . . . . . 2 Machine Destruction 2 | . . . . . . . . . . . . . . . . 2 Fabnet Peak Effective % . | . . . . . . . . . . . . . . . . . Robots Rewired 20 | . . . . . . . . . . . 3 . 17 . . . Allies Hacked . | . . . . . . . . . . . . . . . . . Hacks Repelled . | . . . . . . . . . . . . . . . . . Allies | -11 -10 -10 -10 -9 -8 -7 -7 -7 -7 -7 -6 -6 -6 -6 -6 -6 -------- Run | Scr Mat Min Exi Min Mat Fac Low Low Zio Dee Pro Fac Ext Cet Arc Hub Total Allies 43 | . . 3 . . . 2 . . 4 . 3 . 26 5 . . Largest Group 14 | . . 3 . . . 2 2 . 4 4 2 2 14 11 7 5 Highest-Rated Group 674 | . . 40 . . . 42 39 . 274 274 68 68 508 674 522 337 Highest-Rated Ally 159 | . . 16 . . . 21 21 . 96 96 34 34 159 152 96 96 Total Orders . | . . . . . . . . . . . . . . . . . Ally Attacks 490 | . . 24 . . . 22 6 . . 69 4 8 202 68 28 59 Total Damage 12475 | . . 244 . . . 536 132 . . 1459 86 734 4496 1670 921 2197 Kills 95 | . . 4 . . . 9 . . . 9 . 5 37 11 7 13 Allies Corrupted . | . . . . . . . . . . . . . . . . . Allies Melted 2 | . . . . . . . . . . . . 1 . . 1 . Intel | -11 -10 -10 -10 -9 -8 -7 -7 -7 -7 -7 -6 -6 -6 -6 -6 -6 ------- Run | Scr Mat Min Exi Min Mat Fac Low Low Zio Dee Pro Fac Ext Cet Arc Hub Robot Analysis Total 2 | . 2 . . . . . . . . . . . . . . . Derelict Logs Recovered 8 | . . 1 . 1 . . . 2 2 . 2 . . . . . Drone Launches . | . . . . . . . . . . . . . . . . . Drone Recoveries . | . . . . . . . . . . . . . . . . . Exploration | -11 -10 -10 -10 -9 -8 -7 -7 -7 -7 -7 -6 -6 -6 -6 -6 -6 ------------- Run | Scr Mat Min Exi Min Mat Fac Low Low Zio Dee Pro Fac Ext Cet Arc Hub Turns Passed 25784 | 80 2972 1918 1122 1287 1689 1534 217 1395 2281 4197 3402 861 1728 386 79 636 Spaces Moved 10677 | 50 1023 582 348 374 515 720 164 697 1100 2245 1411 362 710 171 41 164 Core 20 | 19 . . . . . . . . . . . . . . . 1 Treads 3038 | 31 1023 582 348 374 366 . . . . . . . . 145 41 128 Legs 7619 | . . . . . 149 720 164 697 1100 2245 1411 362 710 26 . 35 Wheels . | . . . . . . . . . . . . . . . . . Hover . | . . . . . . . . . . . . . . . . . Flight . | . . . . . . . . . . . . . . . . . Fastest Speed 50 | 50 160 320 320 320 235 120 120 120 190 117 130 185 185 160 160 160 Average Speed 203 | 130 247 320 320 320 246 146 120 188 190 160 194 194 185 165 160 182 Slowest Speed 2150 | 160 320 320 320 320 465 260 120 190 190 310 195 195 185 240 160 2150 Overloaded Moves . | . . . . . . . . . . . . . . . . . Propulsion Burnouts . | . . . . . . . . . . . . . . . . . Robots Hopped . | . . . . . . . . . . . . . . . . . Cave-ins Triggered . | . . . . . . . . . . . . . . . . . Exploration Rate (%) 59 | 3 99 99 63 63 40 16 32 71 87 91 98 15 84 67 63 28 Regions Visited 16 Branch Regions 12 Pre-discovered Areas 5 | . 2 1 1 . . . . . 1 . . . . . . . Known Exits Taken 4 | . . . . 1 . 1 . . . . 1 1 . . . . Unknown Exits Taken 12 | 1 1 1 1 . 1 . 1 1 1 1 . . 1 1 1 . Scrap Searched 12 | . . 1 . 2 . . . 4 3 . 2 . . . . . Spaces Dug 14 | . . . . . . 6 . . 3 . 2 1 1 . . 1 Terrain Destroyed 551 | . . . . . 40 61 . 16 3 17 37 13 28 32 . 304 Melee 9 | . . . . . . 6 . . 3 . . . . . . . Projectile 85 | . . . . . . . . 2 . 5 19 13 16 3 . 27 AOE 457 | . . . . . 40 55 . 14 . 12 18 . 12 29 . 277 Terrain Rammed . | . . . . . . . . . . . . . . . . . Walls Destroyed . | . . . . . . . . . . . . . . . . . Machines Disabled . | . . . . . . . . . . . . . . . . . Actions | -11 -10 -10 -10 -9 -8 -7 -7 -7 -7 -7 -6 -6 -6 -6 -6 -6 --------- Run | Scr Mat Min Exi Min Mat Fac Low Low Zio Dee Pro Fac Ext Cet Arc Hub Total 13558 | 63 1307 612 356 415 771 1080 172 739 1262 2707 1943 449 1041 241 55 345 Wait 1275 | . 82 2 . 2 92 217 . 3 97 242 395 24 50 30 15 24 Move 10662 | 49 1022 581 347 373 515 719 163 696 1099 2244 1410 361 709 170 40 164 Hop . | . . . . . . . . . . . . . . . . . Pick Up 163 | 8 19 8 1 3 21 15 . 4 19 42 5 3 2 4 . 9 Fast Attach 71 | 4 1 . . 1 10 18 . 1 1 17 2 4 . 3 . 9 Attach 45 | 2 . . 1 1 10 10 2 1 1 4 1 1 . . . 11 Detach 15 | . . . . . . 1 1 . . 2 2 . . 1 . 8 Swap 87 | . 16 3 2 4 14 16 . 10 7 7 2 . 1 1 . 4 Drop 196 | . 6 4 1 5 18 24 . 4 19 60 15 10 6 11 . 13 Fire 672 | . 116 9 . 26 82 53 6 20 . 84 64 46 44 21 . 101 Melee 38 | . 2 . 4 . . 7 . . 19 5 . . . . . 1 Ram . | . . . . . . . . . . . . . . . . . Kick 4 | . . . . . 1 . . . . . . . 2 . . 1 Crush 17 | . 6 5 . . 6 . . . . . . . . . . . Escape Stasis 4 | . . . . . . . . . . . . . 4 . . . Rewire 270 | . . . . . . . . . . . 47 . 223 . . . Trap 39 | . 37 . . . 2 . . . . . . . . . . . Miscellaneous . | . . . . . . . . . . . . . . . . . Route ------- -11/Scrapyard -10/Materials (discovered 4 exits: [*Mat x3] / [*Min]) -10/Mines (discovered 3 exits: [*Mat x2] / *Exi) -10/Exiles -9/Mines -8/Materials -7/Factory (discovered 2 exits: *Low x2) -7/Lower Caves -7/Lower Caves -7/Zion (discovered 2 exits: [*Dee] / [*Pro]) -7/Deep Caves -6/Proximity Caves -6/Factory (discovered 4 exits: Low x2 / *Ext x2) -6/Extension (discovered 2 exits: [*Fac] / *Cet) -6/Cetus (discovered 2 exits: [*Fac] / *Arc) -6/Archives -6/Hub_04(d) (discovered 1 exit: [*Fac]) History --------- Turn | Location | Event 4 | -11/Scrapyard | Discovered new exit (range 16) 81 | -11/Scrapyard | Entered Materials 263 | -10/Materials | Discovered new exit (range 15) 318 | -10/Materials | Build established: Mutant 446 | -10/Materials | Discovered new exit (range 8) 625 | -10/Materials | Discovered new exit (range 8) 2348 | -10/Materials | Discovered new exit (range 12) 3053 | -10/Materials | Entered Mines 3078 | -10/Mines | Met a Derelict bent on vengeance 3226 | -10/Mines | Discovered new exit (range 3) 3386 | -10/Mines | Assisted by bots powering up and referring to "LRC-V3" 3621 | -10/Mines | Received a Rocket Launcher from a helpful Derelict 3944 | -10/Mines | Found a hidden stash of uninstalled traps 4239 | -10/Mines | Discovered new exit (range 7) 4958 | -10/Mines | Deemed a non-threat by the Exiles lab entrance 4958 | -10/Mines | Discovered new exit (range 5) 4971 | -10/Mines | Entered Exiles 5045 | -10/Exiles | Met 8R-AWN 5122 | -10/Exiles | Met EX-HEX 5254 | -10/Exiles | Met EX-DEC 5274 | -10/Exiles | Learned location of Zion (-7) 5774 | -10/Exiles | Met EX-BIN 6053 | -10/Exiles | Discovered new exit (range 12) 6093 | -10/Exiles | Entered Mines 6103 | -9/Mines | Core integrity fell below 50% 6427 | -9/Mines | Build established: Scavenger-Mutant 6643 | -9/Mines | Assembled infested the area 6662 | -9/Mines | Core integrity fell below 20% 6817 | -9/Mines | Met a Derelict who couldn't figure out how to use a Trap Extractor 6966 | -9/Mines | Build established: Mutant 7115 | -9/Mines | Identified exit to Materials 7380 | -9/Mines | Entered Materials 7380 | -8/Materials | Evolved 4 slots: Propulsion x2, Utility x2 7769 | -8/Materials | Repaired Lgt. Armor Plating 7883 | -8/Materials | Repaired Corrupted Imp. Trap Extractor 8621 | -8/Materials | Lost 4 parts (2n2u) 8953 | -8/Materials | Discovered new exit (range 16) 8958 | -8/Materials | Build established: Scavenger-Mutant 9069 | -8/Materials | Entered Factory 9069 | -7/Factory | Evolved 2 slots: Utility x2 9587 | -7/Factory | Repaired Broken Carbon-fiber Leg 9632 | -7/Factory | Repaired Gauss Rifle? 9707 | -7/Factory | Repaired Lgt. Angular Momentum Engine? 9759 | -7/Factory | Repaired Aluminum Leg 9787 | -7/Factory | Repaired Aluminum Leg 9934 | -7/Factory | Identified exit to Lower Caves 10025 | -7/Factory | Fabricated H-55 Commando? 10202 | -7/Factory | Cargo convoy interrupted 10298 | -7/Factory | Repaired Carbon-fiber Leg 10318 | -7/Factory | Repaired Carbon-fiber Leg 10338 | -7/Factory | Repaired Carbon-fiber Leg 10603 | -7/Factory | Entered Lower Caves 10603 | -7/Lower Caves | Accompanied by 2 allies 10701 | -7/Lower Caves | Encountered a Warlord checkpoint 10742 | -7/Lower Caves | Spotted B-75 Beast 10796 | -7/Lower Caves | Discovered new exit (range 14) 10820 | -7/Lower Caves | Entered another Lower Caves area 11097 | -7/Lower Caves | Learned Factory terminal intel 11862 | -7/Lower Caves | Learned Factory stockpile data 12110 | -7/Lower Caves | Discovered new exit (range 3) 12215 | -7/Lower Caves | Entered Zion 12288 | -7/Zion | Discovered new exit (range 16) 12333 | -7/Zion | System corruption cleaned by Quarantine Array 12388 | -7/Zion | Found Prototype Launcher 12400 | -7/Zion | Found Prototype Launcher 12434 | -7/Zion | Identified Rocket Array (x2) 12854 | -7/Zion | Learned Factory trap positions 12892 | -7/Zion | Given the Hacking Drone Bay 12946 | -7/Zion | Given A8's code to call for help 13424 | -7/Zion | Learned Factory emergency access door positions 13449 | -7/Zion | Gained Derelict followers 13642 | -7/Zion | Found Prototype Hackware 13644 | -7/Zion | Identified Exp. System Shield 13645 | -7/Zion | Found Prototype Processor 13651 | -7/Zion | Identified Exp. Terrain Scan Processor 13675 | -7/Zion | Found Prototype Processor 13687 | -7/Zion | Identified Exp. Melee Analysis Suite 13735 | -7/Zion | Found Exp. Targeting Computer 13833 | -7/Zion | Enhanced Grunt warped into view, answering call for help 13841 | -7/Zion | Enhanced Grunt warped into view, answering call for help 14473 | -7/Zion | Discovered new exit (range 4) 14476 | -7/Zion | Saw the warning signs outside the Deep Caves entrance 14496 | -7/Zion | Entered Deep Caves 14496 | -7/Deep Caves | Accompanied by 4 allies 14804 | -7/Deep Caves | Attacked by Z-Imprinter 14816 | -7/Deep Caves | Allies destroyed Z-Imprinter 14851 | -7/Deep Caves | Found Prototype Protection 14851 | -7/Deep Caves | Identified Zio. Weapon Casing 15076 | -7/Deep Caves | Found Prototype Protection 15076 | -7/Deep Caves | Identified Zio. Heavy Carapace 15342 | -7/Deep Caves | Found Surveybot 24 Scanner 15346 | -7/Deep Caves | Found Surveybot 24 Chip 15543 | -7/Deep Caves | Discovered new exit (range 6) 15681 | -7/Deep Caves | Found Prototype Device 15681 | -7/Deep Caves | Identified Exp. Thermal Shield 15761 | -7/Deep Caves | Spotted as-43550 15791 | -7/Deep Caves | Destroyed as-43550 15796 | -7/Deep Caves | Found Corrupted GOLEM Unit 16410 | -7/Deep Caves | Destroyed 7 combat bots 16934 | -7/Deep Caves | Triggered Deep Caves wall 16934 | -7/Deep Caves | Spotted AS-52710 16934 | -7/Deep Caves | Spotted AS-51287 16944 | -7/Deep Caves | Destroyed AS-52710 16949 | -7/Deep Caves | Destroyed AS-51287 16978 | -7/Deep Caves | Destroyed 38 combat bots 17008 | -7/Deep Caves | Exposed GOLEM chamber 17016 | -7/Deep Caves | Found GOLEM Unit 17022 | -7/Deep Caves | Found GOLEM Unit 17027 | -7/Deep Caves | Found GOLEM Unit 17380 | -7/Deep Caves | Build established: Scavenger-Golem 18366 | -7/Deep Caves | Build established: Golem 18693 | -7/Deep Caves | Entered Proximity Caves 18814 | -6/Proximity Caves | Attracted the attention of an 0b10 outpost 18944 | -6/Proximity Caves | Spotted B-75 Beast 18977 | -6/Proximity Caves | Core integrity fell below 50% 18977 | -6/Proximity Caves | Destroyed B-75 Beast 20493 | -6/Proximity Caves | Attracted the attention of an 0b10 checkpoint 20556 | -6/Proximity Caves | Identified exit to Factory 20934 | -6/Proximity Caves | Learned Factory emergency access door positions 21702 | -6/Proximity Caves | Found Rocket Array 21711 | -6/Proximity Caves | Found Rocket Array 22095 | -6/Proximity Caves | Entered Factory 22095 | -6/Factory | Accompanied by 2 allies 22095 | -6/Factory | Evolved 2 slots: Power x1, Utility x1 22096 | -6/Factory | Loaded intel: 86 trap records 22099 | -6/Factory | Loaded intel: 28 terminal locations 22729 | -6/Factory | Spotted B-75 Beast 22799 | -6/Factory | Identified exit to Lower Caves 22799 | -6/Factory | Identified exit to Extension 22956 | -6/Factory | Entered Extension 23282 | -6/Extension | Rescued a captive Derelict 23320 | -6/Extension | Rescued a captive Derelict 23322 | -6/Extension | Rescued a captive Derelict 23506 | -6/Extension | Build established: Commander-Golem 23518 | -6/Extension | Rescued a captive Derelict 23519 | -6/Extension | Rescued a captive Derelict 23609 | -6/Extension | Rescued A7 23871 | -6/Extension | Disrupted transfer network 23908 | -6/Extension | P-60 Hacker assimilated allied 2P-M2B(l) 24006 | -6/Extension | Spotted B-75 Beast 24011 | -6/Extension | Allies destroyed B-75 Beast 24025 | -6/Extension | Spotted B-75 Beast 24034 | -6/Extension | Allies destroyed B-75 Beast 24120 | -6/Extension | Energy Cycler disabled 24120 | -6/Extension | Rescued a captive Derelict 24123 | -6/Extension | Rescued a captive Derelict 24123 | -6/Extension | Rescued a captive Derelict 24123 | -6/Extension | Rescued a captive Derelict 24356 | -6/Extension | First assault squad dispatched 24661 | -6/Extension | Discovered new exit (range 10) 24663 | -6/Extension | Discovered new exit (range 6) 24684 | -6/Extension | Entered Cetus 24684 | -6/Cetus | Accompanied by 11 allies (A7) 24689 | -6/Cetus | Acquired a Cetus Manufacturing Module code from A7 24709 | -6/Cetus | Spotted Cetus Guard 24709 | -6/Cetus | Spotted Cetus Guard 24710 | -6/Cetus | Spotted Cetus Guard 24714 | -6/Cetus | Spotted Cetus Guard 24719 | -6/Cetus | Allies destroyed Cetus Guard 24723 | -6/Cetus | Allies destroyed Cetus Guard 24731 | -6/Cetus | Allies destroyed Cetus Guard 24734 | -6/Cetus | Destroyed Cetus Guard 24818 | -6/Cetus | Started Cetus Manufacturing Module 24843 | -6/Cetus | Manufactured an Enhanced Grunt 24848 | -6/Cetus | Escorted A7 to Cetus Mainframe 24868 | -6/Cetus | Manufactured an Enhanced Grunt 24870 | -6/Cetus | Discovered new exit (range 15) 24893 | -6/Cetus | Manufactured an Enhanced Grunt 24918 | -6/Cetus | Manufactured an Enhanced Grunt 24928 | -6/Cetus | Spotted Cetus Guard 24928 | -6/Cetus | Spotted Cetus Guard 24934 | -6/Cetus | Spotted Cetus Guard 24936 | -6/Cetus | Allies destroyed Cetus Guard 24936 | -6/Cetus | Spotted Cetus Guard 24940 | -6/Cetus | Allies destroyed Cetus Guard 24943 | -6/Cetus | Manufactured an Enhanced Grunt 24947 | -6/Cetus | Allies destroyed Cetus Guard 24947 | -6/Cetus | Allies destroyed Cetus Guard 24970 | -6/Cetus | Destroyed A7 24974 | -6/Cetus | Extracted ID and sensor layout for unrecognized location from A7's data core 24979 | -6/Cetus | Discovered new exit (range 16) 24989 | -6/Cetus | Met Revision 17 25070 | -6/Cetus | Entered Archives 25070 | -6/Archives | Accompanied by 7 allies 25088 | -6/Archives | Met Zhirov 25094 | -6/Archives | Reinforcements dispatched to Archives 25107 | -6/Archives | Read partially decrypted archive contents 25114 | -6/Archives | Discovered new exit (range 13) 25139 | -6/Archives | Reinforcements dispatched to Archives 25149 | -6/Archives | Entered Hub_04(d) 25149 | -6/Hub_04(d) | Accompanied by 5 allies 25258 | -6/Hub_04(d) | Discovered new exit (range 6) 25269 | -6/Hub_04(d) | Found Prototype Device 25380 | -6/Hub_04(d) | Network Hub disabled 25388 | -6/Hub_04(d) | Spotted Lightning 25389 | -6/Hub_04(d) | Spotted Lightning 25391 | -6/Hub_04(d) | Spotted Lightning 25399 | -6/Hub_04(d) | System corruption reached 10% 25410 | -6/Hub_04(d) | Destroyed Lightning 25431 | -6/Hub_04(d) | Destroyed Lightning 25457 | -6/Hub_04(d) | Found Prototype Device 25461 | -6/Hub_04(d) | Found Prototype Energy Cannon 25465 | -6/Hub_04(d) | Destroyed 9 combat bots 25468 | -6/Hub_04(d) | Found Prototype Energy Cannon 25476 | -6/Hub_04(d) | Found Prototype Device 25476 | -6/Hub_04(d) | Identified Exp. EM Disruption Field 25498 | -6/Hub_04(d) | Destroyed Lightning 25499 | -6/Hub_04(d) | First assault squad dispatched 25517 | -6/Hub_04(d) | High security lockdown imminent 25547 | -6/Hub_04(d) | Core integrity fell below 50% 25554 | -6/Hub_04(d) | Identified EMDS (x2) 25583 | -6/Hub_04(d) | Lost 3 parts (2n1u) 25595 | -6/Hub_04(d) | Destroyed 8 combat bots 25597 | -6/Hub_04(d) | High security lockdown engaged 25606 | -6/Hub_04(d) | System corruption reached 30% 25692 | -6/Hub_04(d) | Destroyed 20 combat bots 25727 | -6/Hub_04(d) | Lost 3 parts (1p2w) 25768 | -6/Hub_04(d) | Destroyed 9 combat bots 25776 | -6/Hub_04(d) | Core integrity fell below 20% 25785 | -6/Hub_04(d) | Destroyed by L-41 Fighter with Axe Last Messages --------------- 25765_ Slug penetrates B-48 Gladiator. 25765_ Slug penetrates Wall. 25765_ Enh. Flexi-carbon Leg blown off. 25765_ E-15 Imp destroyed. 25766_ Enh. Flexi-carbon Leg destroyed. 25766_ Acquired 19 matter. 25767_ System corrupted: Spear rejected. 25768_ Enh. Biometal Leg severed. 25769_ Penetrated by Slug. 25771_ Acquired Enh. Biometal Leg. 25773_ Penetrated by Slug. 25773_ Enh. Biometal Leg destroyed. 25773_ Penetrated by Slug. 25780_ Adv. Energy Well severed. 25781_ Extracted 248 energy. 25781_ Penetrated by Slug. 25784_ System corrupted: Heat flow error (+263). 25784_ GOLEM Unit destroyed. 25784_ System corrupted by crushing effect (+5). 25784_ Penetrated by Slug. Map ----- +----------------------------------------------------+ | ?????????????????????????????????????????????????? | | ?????????????????????????????????????????????????? | | ?????????????????????????????????????????????????? | | ?????????????????????????????????????????????????? | | ?????????????????????????????????????????????????? | | ?????????????????????????????????????????????????? | | ?????????????????????????????????????????????????? | | ?????????????????????????????????????????????????? | | ?????????????????????????????????????????????????? | | ?????????????????????????????????????????????????? | | ?????????????????????????????????????????????????? | | ????????????????################?????????????????? | | ????????????????# ???????????????? | | ????????????????# #??????????????? | | ????????????????# ;;;;;;;;;; ;; #??????????????? | | ????????????????# ; ; #??????????????? | | ????????????????# ; ; #??#???????????? | | ????????????????# ; ; ## #???????????? | | ????????????????# ; ; # #????????????? | | ????????????????# ; ; #????????????? | | ????????????????# ; ; #????????????? | | ????????????????# ; ; #????????????? | | ??????###########;;; gb ; #????????????? | | ??????# ;h l !* #?????????????? | | ??????# ; ggbl [%= #??????????????? | | ????### g==i;;;;@ ;;;=;;#####???????????? | | ????# " =/! ! ; !!! ????????? | | ????# " # ! ! # !!! "????????? | | ????##" %####= =*# #???!! ?????????? | | ???# " ! =" == * ###?????????????????? | | ???# #" #* ! %= #??????????????????? | | ?????#" # %# = ###??????????????????? | | ?????#" %= #####????????????????? | | ?????#" = # # # [[ =#????????????????? | | ?????## # [ #????????????????? | | ??????###### ### # # " #????????????????? | | ?????????# %" #% #????????????????? | | ?????????# !"" # %# " #????????????????? | | ?????????# =%T # =[ #????????????????? | | #######??# # #= * %[%% " " #????????????????? | | #####+##### # " #????????????????? | | ==! ##[ " #????????????????? | | =!! #%= """ """ """ % % #????????????????? | | =!! !##!% [% " #????????????????? | | ##=%"="!!] "" "" # # " ?????????????????? | | " " ## !*!%!] ! "G"" " ??????????????????? | | " " ####"/########? ??????????????????? | | " " # ! #????? = ???????????????????? | | ? # #??????? %%# ?????????????????????? | | #+###+# #???????? ???????????????????????? | +----------------------------------------------------+ Best States ------------- Heat Dissipation 59 Energy Generation 45 Energy Capacity 1600 Matter Stores 311 Matter Capacity 500 Sight Range 16 Terrain Scan Density 10 Armor Coverage 1200 Weapon Cycling 15 Evasion (%) 55 Targeting Accuracy 20 Armor Integrity Analysis 40 Recoil Reduction 4 Kinecelleration 30 Offensive Hacking 10 Defensive Hacking 10 Authchip Count 4 Trap Extractor Capacity 6 Item Schematics ----------------- Hcp. Storage Unit | -8/Materials | Scanalyzed Lrg. Storage Unit | -8/Materials | Scanalyzed Imp. Weapon Cycler | -6/Extension | Hacked Quantum Capacitor | -6/Extension | Hacked Robot Schematics ------------------ None Fabricated ------------ H-55 Commando | x2 | -7/Factory | Preloaded Alien Tech Used ----------------- None Achievements -------------- None Challenges ------------ None Game ------ Seed EnergyHardenedMegatreads Manual? 0 Play Time 01:53:26 Cumulative 580.8 hours Start 2022.09.20 @ 03:19:31 End 2022.09.25 @ 14:34:09 Sessions 13 Manual Loads 0 Difficulty Rogue Special Mode None Game No. 514 Rogue 514 Adventurer 0 Explorer 0 Win Type - Total 26 Types 14/2/6/2/0/0/1/1/0 Lore% 94 Gallery% 94 Achievement% 80 Wizard Run 0 Options --------- ASCII 0 Keyboard 0 Movement Arrows Keybinds 0 Fullscreen 1 Font 18/Smallcaps Map View 76x50 Tactical HUD 1 Map Filters NONE Filters NONE Steam 1 RUN: 9523f814-a215-4e93-a55d-be3eb4a0464a